Map: Terraform LE (Void)

Players

RayReign - Winner!

  • Race: Protoss Protoss
  • League: Master

KiFirE

  • Race: Protoss Protoss
  • League: Master

Event: ASL Season 5 Prime League LOTV Beta

VOD

Have the link to the VOD?

Description

Time

  • Played on: Sept. 4, 2015, 9:15 p.m.
  • Length: 7:28

All games in this series

Show
View Real Time Build Order
Export as new Build Order

RayReign Protoss - Winner!

Build Orders: Blink Stalkers 

Get SALT Encoding   

  12  0:00  Probe (Chrono Boost)  
  13  0:10  Probe (Chrono Boost)  
  14  0:18  Pylon  
  14  0:21  Probe (Chrono Boost)  
  15  0:36  Probe (Chrono Boost)  
  15  0:37  Gateway  
  16  0:46  Probe (Chrono Boost)  
  16  0:48  Assimilator  
  17  0:53  Assimilator  
  17  0:56  Probe (Chrono Boost)  
  18  1:07  Probe (Chrono Boost)  
  18  1:10  Gateway  
  19  1:17  Probe (Chrono Boost)  
  20  1:24  Cybernetics Core  
  20  1:27  Probe (Chrono Boost)  
  20  1:29  Pylon  
  21  1:37  Probe (Chrono Boost)  
  22  1:47  Probe (Chrono Boost)  
  23  2:00  Adept x2  
  23  2:01  Mothership Core (Chrono Boost), Warp Gate  
  29  2:13  Pylon  
  29  2:18  Probe (Chrono Boost)  
  30  2:31  Stalker x2  
  34  2:40  Probe (Chrono Boost)  
  35  2:52  Pylon x2  
  35  2:54  Pylon  
  35  2:58  Pylon  
  35  3:02  Pylon  
  34  3:14  Twilight Council  
  34  3:21  Probe (Chrono Boost)  
  33  3:27  Gateway  
  31  3:42  Robotics Facility  
  31  3:47  Probe (Chrono Boost)  
  28  3:56  Blink (Chrono Boost)  
  28  3:57  Probe (Chrono Boost)  
  29  4:16  Stalker  
  31  4:17  Stalker  
  33  4:31  Warp Prism  
  35  4:37  Stalker  
  37  4:42  Pylon  
  37  4:47  Probe  
  38  4:55  Pylon  
  38  4:59  Probe  
  40  5:07  Observer  
  40  5:24  Stalker x3  
  46  5:39  Observer  
  47  5:46  Probe  
  47  5:47  Stalker x3  
  46  6:06  Probe  
  43  6:24  Probe  
  44  6:27  Stalker  
  44  6:28  Stalker x2  
  44  6:39  Stalker  
  46  6:40  Stalker  
  46  6:41  Nexus  
  46  6:44  Stalker  
  50  7:05  Stalker  
  50  7:06  Stalker  
  54  7:18  Stalker  
Show
View Real Time Build Order
Export as new Build Order

KiFirE Protoss 

Build Orders: Zealot Archon, Dark Templar Rush 

Get SALT Encoding   

  12  0:00  Probe (Chrono Boost)  
  13  0:10  Probe (Chrono Boost)  
  14  0:18  Pylon  
  14  0:20  Probe (Chrono Boost)  
  15  0:36  Probe (Chrono Boost)  
  15  0:37  Gateway  
  16  0:46  Probe (Chrono Boost)  
  17  0:53  Assimilator  
  17  0:56  Probe (Chrono Boost), Assimilator  
  18  1:06  Probe (Chrono Boost)  
  18  1:09  Gateway  
  19  1:16  Probe (Chrono Boost)  
  20  1:24  Cybernetics Core  
  20  1:33  Pylon  
  20  1:36  Probe (Chrono Boost)  
  21  1:46  Probe (Chrono Boost)  
  22  1:56  Probe (Chrono Boost)  
  23  2:01  Adept x2  
  27  2:11  Pylon  
  27  2:13  Probe (Chrono Boost)  
  28  2:29  Twilight Council  
  28  2:32  Mothership Core (Chrono Boost)  
  30  2:38  Stalker  
  32  2:46  Stalker  
  34  3:06  Dark Shrine  
  33  3:22  Pylon  
  30  3:36  Cybernetics Core  
  27  3:48  Probe (Chrono Boost)  
  22  3:58  Probe (Chrono Boost)  
  23  4:09  Probe (Chrono Boost), Warp Gate (Chrono Boost)  
  24  4:19  Dark Templar  
  24  4:20  Dark Templar  
  24  4:22  Probe  
  29  4:26  Assimilator  
  29  4:34  Probe  
  30  4:39  Nexus  
  30  4:46  Probe  
  31  4:58  Probe  
  32  5:04  Dark Templar (Chrono Boost)  
  34  5:12  Probe  
  34  5:13  Dark Templar (Chrono Boost)  
  37  5:21  Pylon  
  37  5:23  Pylon  
  37  5:25  Probe  
  38  5:41  Robotics Facility  
  28  6:07  Dark Templar  
  29  6:14  Probe  
  24  6:20  Dark Templar  
  26  6:26  Probe  
  27  6:38  Probe  
  27  6:39  Immortal (Chrono Boost)  
  32  6:53  Archon x2  
  32  6:54  Stalker  
Tags
 
Add a new tag
Caveats
  • Supply blocks, unpowered buildings, or Contaminate may cause inaccurate times.
  • Supply counts are checked every 10 seconds.